 Dungeon Crawl Stone Soup version 0.22-a0-605-g9281fa2 (webtiles) character file.

123897 Alphaeus the Grappler (level 16, 0/167 HPs)
             Began as a Troll Earth Elementalist on July 7, 2018.
             Was the Champion of Cheibriados.
             Killed from afar by a manticore (7 damage)
             ... with a volley of spikes
             ... on level 2 of the Shoals.
             The game lasted 00:41:53 (22327 turns).

Alphaeus the Grappler (Troll Earth Elementalist)   Turns: 22327, Time: 00:41:53

Health: 0/167      AC: 22    Str: 35    XL:     16   Next: 38%
Magic:  22/22      EV: 20    Int: 37    God:    Cheibriados [******]
Gold:   2350       SH: 14    Dex: 25    Spells: 16/17 levels left

rFire    . . .     SeeInvis .     - Unarmed
rCold    + . .     Gourm    +   X - +2 shield
rNeg     . . .     Faith    .   T - +3 troll leather armour
rPois    +         Spirit   .   M - +2 hat
rElec    .         Reflect  .   t - +2 cloak {rPois}
rCorr    .         Harm     .   (gloves unavailable)
MR       +....                  (boots unavailable)
Stlth    ++........             p - amulet of regeneration
HPRegen  1.57/turn              g - +4 ring of intelligence
MPRegen  0.18/turn              S - +4 ring of protection

@: barbed spikes, very slightly contaminated, very slow
A: large, unfitting armour, claws 3, molten scales 2, clever 1, cold resistance
1, fast metabolism 3, gourmand, low mp 1, regeneration 1, screaming 1, shaggy
fur 1, tough skin 2
a: Bend Time, Temporal Distortion, Slouch, Step From Time, Renounce Religion


You were on level 2 of the Shoals.
You worshipped Cheibriados.
Cheibriados was exalted by your worship.
You were very full.

You visited 4 branches of the dungeon, and saw 25 of its levels.

You collected 2807 gold pieces.
You spent 457 gold pieces at shops.

Inventory:

Missiles
 b - 852 stones (quivered)
Armour
 t - a +2 cloak of poison resistance (worn)
 M - a +2 hat (worn)
 T - a +3 troll leather armour (worn)
 X - a +2 shield (worn)
Jewellery
 c - an uncursed amulet of magic regeneration
 g - a +4 ring of intelligence (left claw)
 h - an uncursed ring of wizardry
 k - an uncursed ring of fire
 p - an amulet of regeneration (around neck)
 x - an uncursed ring of flight
 z - an uncursed amulet of the acrobat
 J - the ring of Natz {rC+ MR+ Stlth+}
   (You found it on level 14 of the Dungeon)

   [ring of protection from magic]

   It protects you from cold.
   It affects your resistance to hostile enchantments.
   It makes you more stealthy.
 Q - an uncursed ring of wizardry
 S - a +4 ring of protection (right claw)
 V - an uncursed ring of resist corrosion
Wands
 i - a wand of flame (139)
 w - a wand of scattershot (10)
 A - a wand of acid (40)
 B - a wand of disintegration (12)
 I - a wand of paralysis (27)
 U - a wand of clouds (2)
 W - a wand of iceblast (13)
 Z - a wand of digging (5)
Scrolls
 a - 18 scrolls of remove curse
 e - 4 scrolls of identify
 f - 6 scrolls of teleportation
 l - 8 scrolls of fog
 y - 2 scrolls of fear
 C - 4 scrolls of enchant weapon
 D - 3 scrolls of amnesia
 E - 4 scrolls of magic mapping
 G - a scroll of immolation
 N - 2 scrolls of brand weapon
 O - a scroll of silence
 R - a scroll of enchant armour
 Y - a scroll of summoning
Potions
 j - 6 potions of cancellation
 n - 5 potions of flight
 o - 2 potions of berserk rage
 q - 2 potions of agility
 r - 8 potions of curing
 s - 4 potions of brilliance
 u - a potion of heal wounds
 v - 2 potions of magic
 F - a potion of invisibility
 H - 2 potions of mutation
 K - a potion of lignification
 P - 2 potions of ambrosia
Comestibles
 d - 53 rations


   Skills:
 * Level 12.8 Fighting
 - Level 12.0 Dodging
 - Level 1.0 Stealth
 * Level 5.3 Shields
 * Level 14.9 Unarmed Combat
 - Level 1.2 Spellcasting
   Level 0.6 Transmutations
 - Level 2.6 Earth Magic
 * Level 12.7 Invocations


You had 16 spell levels left.
You knew the following spells:

 Your Spells              Type           Power        Failure   Level  Hunger
a - Sandblast             Erth           ###...       4%          1    #......

Your spell library contained the following spells:

 Spells                   Type           Power        Failure   Level  Hunger
 Magic Dart               Conj           #...         13%         1    #......
 Apportation              Tloc           #.....       13%         1    #......
 Conjure Flame            Conj/Fire      #.......     36%         3    ###....
 Slow                     Hex            #.......     21%         2    ##.....
 Confuse                  Hex            #.......     36%         3    ###....
 Mephitic Cloud           Conj/Pois/Air  #.......     36%         3    ###....
 Venom Bolt               Conj/Pois      #.........   98%         5    ######.
 Olgreb's Toxic Radiance  Pois           #.......     78%         4    #####..
 Summon Small Mammal      Summ           #...         13%         1    #......
 Bolt of Draining         Conj/Necr      #.........   98%         5    ######.
 Blink                    Tloc           N/A          21%         2    ##.....
 Iskenderun's Mystic Bla  Conj           #.......     78%         4    #####..
 Animate Skeleton         Necr           N/A          13%         1    #......
 Call Imp                 Summ           #.......     21%         2    ##.....
 Dispel Undead            Necr           #.......     98%         5    ######.
 Sting                    Conj/Pois      #...         13%         1    #......
 Sublimation of Blood     Necr           #.........   21%         2    ##.....
 Tukima's Dance           Hex            #.......     36%         3    ###....
 Corpse Rot               Necr           N/A          21%         2    ##.....
 Iron Shot                Conj/Erth      ##........   100%        6    #######
 Stone Arrow              Conj/Erth      ##....       22%         3    ###....
 Agony                    Necr           #.......     98%         5    ######.
 Deflect Missiles         Chrm/Air       #.........   100%        6    #######
 Confusing Touch          Hex            #.....       13%         1    #......
 Passwall                 Tmut/Erth      ##......     10%         2    ##.....
 Ensorcelled Hibernation  Hex/Ice        #.....       21%         2    ##.....
 Metabolic Englaciation   Hex/Ice        #.........   98%         5    ######.
 Silence                  Hex/Air        #.........   98%         5    ######.
 Corona                   Hex            #......      13%         1    #......
 Lee's Rapid Deconstruct  Erth           ###.......   75%         5    ######.
 Conjure Ball Lightning   Conj/Air       #.........   100%        6    #######
 Excruciating Wounds      Chrm/Necr      #.........   98%         5    ######.
 Petrify                  Tmut/Erth      ##......     54%         4    #####..
 Orb of Destruction       Conj           #.........   100%        7    #######
 Tornado                  Air            #.........   100%        9    #######
 Beastly Appendage        Tmut           #.....       11%         1    #......
 Fulminant Prism          Conj/Hex       #.........   78%         4    #####..
 Dazzling Spray           Conj/Hex       #.....       36%         3    ###....
 Force Lance              Conj/Tloc      #.......     78%         4    #####..
 Searing Ray              Conj           #.....       21%         2    ##.....
 Summon Lightning Spire   Summ/Air       #.......     78%         4    #####..
 Gell's Gravitas          Tloc           #.........   36%         3    ###....
 Yara's Violent Unravell  Hex/Tmut       #.........   97%         5    ######.
 Poisonous Vapours        Pois/Air       #.....       21%         2    ##.....


Dungeon Overview and Level Annotations

Branches:
Dungeon (15/15)            Temple (0/1) D:6            Lair (6/6) D:11
 Shoals (2/4) Lair:2        Snake (0/4) Lair:2        Slime (0/5) Lair:6
    Orc (2/2) D:9             Elf (0/3) Orc:2        Vaults (0/5) D:14
 Depths (0/5) D:15

Altars:
Cheibriados
Qazlal
Trog
Xom
Yredelemnul
Zin
Beogh

Shops:
D:11 !   D:12 ?   Orc:1 (   Orc:2 ([}?!

Portals:
Pandemonium: Orc:2

Annotations:
D:9 1 runed door, rcreutzb's ghost, novice GrEE
Lair:6 exclusion: oklob plant


Innate Abilities, Weirdness & Mutations

You are too large for most types of armour.
You have claws for hands.
Your metabolism is lightning-fast.
You like to eat raw meat.
Your natural rate of healing is unusually fast.
You are covered in fur. (AC +1)
You have very tough skin. (AC +2)
You are mostly covered in molten scales. (AC +3)
Your mind is acute. (Int +2)
Your flesh is cold resistant. (rC+)
Your magical capacity is low. (-10% MP)
You occasionally shout uncontrollably at your foes.


Message History

The barbed spikes dig painfully into your body as you move.
* * * LOW HITPOINT WARNING * * *
The manticore flicks its tail.
The volley of spikes hits you!
The manticore flicks its tail.
The volley of spikes hits you!
The barbed spikes dig painfully into your body as you move.
* * * LOW HITPOINT WARNING * * *
The manticore flicks its tail.
You block the volley of spikes.
The barbed spikes dig painfully into your body as you move.
* * * LOW HITPOINT WARNING * * *
The manticore flicks its tail.
The volley of spikes hits you!
The barbed spikes become lodged in your body.
* * * LOW HITPOINT WARNING * * *
The manticore flicks its tail.
The volley of spikes hits you!
The barbed spikes become lodged in your body.
You die...

.≈≈≈≈≈≈.###.≈≈≈≈≈≈≈
.≈.≈≈≈≈.....≈≈≈≈≈≈≈
≈..≈≈[≈≈≈≈≈≈≈≈≈≈≈≈ #
≈.≈≈≈≈≈≈≈≈≈≈≈≈≈≈≈ #..
#.≈≈≈≈≈≈.≈≈≈≈≈≈≈
....###≈≈≈≈≈≈≈≈≈≈≈≈≈≈
....?..≈≈≈≈≈≈≈≈≈≈≈≈≈≈
.≈....<@≈H≈≈≈.#
...≈...≈≈≈≈≈≈.##≈≈≈≈≈≈≈≈
#.≈≈≈>..≈≈≈≈≈≈..≈≈≈≈≈≈≈≈
|.≈≈≈≈≈≈≈≈≈≈≈≈≈≈≈≈≈≈≈≈≈≈
...≈≈≈≈≈.≈≈≈≈≈≈≈≈≈≈≈≈≈≈≈
..≈≈≈/.>≈≈≈≈≈≈≈≈≈≈≈≈≈≈≈≈
.#.≈≈..≈≈≈≈≈≈≈≈≈≈≈...≈≈≈
##.≈≈≈≈≈≈≈≈..≈......≈≈≈
≈≈≈≈≈≈≈≈)§<..#.


You could see a manticore.

Vanquished Creatures
  Snorg (D:11)
  An ettin (Orc:2)
  A fire dragon (Lair:6)
  Josephine (D:11)
  4 hydras
  4 vault guards (D:14)
  A yaktaur captain (D:15)
  Erica (D:11)
  Harold (Lair:1)
  4 merfolk aquamancers (Shoals:1)
  4 centaur warriors
  A catoblepas (Lair:6)
  6 two-headed ogres
  A dancing weapon (Lair:1)
  The ghost of Ytuqigemn the Geomancer, a journeyman GrEE of Vehumet (Lair:1)
  5 death yaks (Lair:3)
  5 orc high priests (Orc:2)
  A tengu warrior (D:15)
  A fire crab (Lair:6)
  Sonja (Lair:1)
  A sixfirhy (Orc:2)
  Nergalle (Lair:4)
  A skeletal warrior (D:11)
  10 sea snakes (Shoals:1)
  An unseen horror (D:12)
  A swamp dragon (Lair:6)
  2 infernal demonspawn (Orc:2)
  A deep troll (shapeshifter) (D:15)
  2 torturous demonspawn (Orc:2)
  4 orc knights (Orc:2)
  3 lindwurms (Lair:6)
  2 fauns (Shoals:1)
  3 harpies (Shoals:2)
  19 ugly things
  3 cyclopes
  8 orc sorcerers
  12 slime creatures
  9 manticores
  A guardian serpent (shapeshifter) (D:13)
  5 merfolk sirens
  4 elephants (Lair:4)
  2 gargoyles
  An orange demon (Orc:2)
  6 torpor snails
  5 black mambas
  3 rust devils (Orc:2)
  14 spiny frogs
  8 komodo dragons
  8 rime drakes (Lair:6)
  A yaktaur (D:15)
  A freezing wraith (D:15)
  An ice devil (Orc:2)
  A harpy zombie (D:15)
  A queen bee (D:12)
  3 meliai (D:12)
  7 trolls
  3 merfolk
  2 polar bears
  13 blink frogs
  2 hornets
  A snapping turtle (Shoals:1)
  Grinder (D:3)
  A wind drake (Shoals:1)
  A blink frog (shapeshifter) (D:15)
  5 dream sheep (Lair:6)
  16 hippogriffs
  A ynoxinul (Orc:2)
  Sigmund (D:3)
  3 shadows
  A spriggan (shapeshifter) (D:13)
  11 spriggans
  44 yaks
  5 water elementals
  6 wraiths
  6 wyverns
  6 basilisks
  4 humans (D:8)
  A hungry ghost (D:12)
  2 vampire mosquitoes (D:14)
  2 steam dragons
  4 acid dragons
  A soldier ant (D:14)
  17 water moccasins
  10 porcupines
  A swamp drake (Lair:5)
  3 ice beasts
  35 orc warriors
  3 sky beasts
  An eye of draining (D:10)
  A black bear (Lair:3)
  3 necrophages
  18 ogres
  3 phantoms
  12 centaurs
  6 wolves
  15 crocodiles
  Blork the orc (D:4)
  6 big kobolds
  16 bullfrogs
  A wyvern zombie (D:13)
  A water moccasin zombie (D:12)
  7 scorpions
  31 killer bees
  11 wights
  A howler monkey (D:4)
  An electric eel (D:15)
  8 crimson imps
  3 bullfrog zombies
  A quasit (D:6)
  3 centaur zombies
  5 hounds
  6 jellies
  Crazy Yiuf (D:2)
  4 centaur skeletons
  25 orc priests
  A gnoll shaman (D:9)
  20 orc wizards
  2 bullfrog skeletons
  7 iguanas
  7 worker ants
  Terence (D:2)
  2 hound skeletons
  17 gnolls
  13 adders
  A river rat (Lair:5)
  7 shadow imps
  An ooze (D:4)
  An adder zombie (D:8)
  3 adder skeletons
  A worm (D:3)
  6 dart slugs
  3 leopard geckos
  80 orcs
  7 giant cockroaches
  10 hobgoblins
  10 jackals
  35 kobolds
  9 quokkas
  7 bats
  4 frilled lizards
  12 goblins
  2 leopard gecko skeletons
  2 quokka zombies
  6 rats
  A fungus (Lair:6)
  A plant (Lair:5)
  A tentacle (Shoals:2)
883 creatures vanquished.

Vanquished Creatures (collateral kills)
  A plant (Shoals:1)
1 creature vanquished.

Vanquished Creatures (others)
  A jelly (Lair:6)
  2 bushes (Lair:6)
  6 fungi
  28 plants
  7 tentacles (Shoals:2)
44 creatures vanquished.

Grand Total: 928 creatures vanquished

Notes
Turn   | Place    | Note
-------+----------+-------------------------------------------
     0 | D:1      | Alphaeus the Troll Earth Elementalist began the quest for the Orb.
     0 | D:1      | Reached XP level 1. HP: 16/16 MP: 1/1
   232 | D:1      | Reached XP level 2. HP: 26/26 MP: 2/2
   253 | D:1      | Reached skill level 1 in Unarmed Combat
   415 | D:1      | Reached skill level 1 in Fighting
   547 | D:1      | Reached XP level 3. HP: 33/33 MP: 3/3
  1037 | D:2      | Found a stormy altar of Qazlal.
  1149 | D:2      | Noticed Terence
  1178 | D:2      | Killed Terence
  1178 | D:2      | Reached skill level 2 in Unarmed Combat
  1178 | D:2      | Reached XP level 4. HP: 41/41 MP: 4/4
  1653 | D:2      | Found a runed door.
  1657 | D:2      | Noticed Crazy Yiuf
  1665 | D:2      | Killed Crazy Yiuf
  1665 | D:2      | Reached XP level 5. HP: 39/49 MP: 1/5
  1753 | D:3      | Noticed Sigmund
  1773 | D:3      | Killed Sigmund
  1773 | D:3      | Reached skill level 3 in Unarmed Combat
  1773 | D:3      | Reached XP level 6. HP: 32/59 MP: 6/6
  1876 | D:3      | Found a snail-covered altar of Cheibriados.
  1897 | D:3      | Noticed Grinder
  1900 | D:3      | Paralysed by Grinder for 4 turns
  1916 | D:3      | Killed Grinder
  1916 | D:3      | Reached skill level 4 in Unarmed Combat
  2040 | D:3      | Reached XP level 7. HP: 67/67 MP: 7/7
  2080 | D:3      | Became a worshipper of Cheibriados the Contemplative
  3075 | D:4      | Reached * piety under Cheibriados
  3076 | D:4      | Noticed Blork the orc
  3088 | D:4      | Killed Blork the orc
  3088 | D:4      | Reached skill level 5 in Unarmed Combat
  3475 | D:5      | Entered Level 5 of the Dungeon
  3499 | D:5      | Reached XP level 8. HP: 47/78 MP: 8/8
  3601 | D:5      | Found a bloodstained altar of Trog.
  3734 | D:5      | Reached ** piety under Cheibriados
  3862 | D:5      | Reached skill level 5 in Dodging
  3925 | D:5      | Found a stormy altar of Qazlal.
  4034 | D:5      | Reached skill level 6 in Unarmed Combat
  4086 | D:5      | Found a glowing silver altar of Zin.
  4276 | D:6      | Reached skill level 5 in Fighting
  4321 | D:6      | Got an ebony hand axe
  4322 | D:6      | Identified the +6 hand axe "Ziraunao" {flame, rF++ Str+2 Int-2 Dex+3} (You found it on level 6 of the Dungeon)
  4446 | D:6      | Found a shimmering altar of Xom.
  4813 | D:6      | Found a staircase to the Ecumenical Temple.
  4954 | D:6      | Reached skill level 1 in Invocations
  4954 | D:6      | Reached XP level 9. HP: 82/88 MP: 9/9
  5021 | D:6      | Reached *** piety under Cheibriados
  5210 | D:7      | Reached skill level 7 in Unarmed Combat
  5488 | D:7      | Reached **** piety under Cheibriados
  5996 | D:8      | Noticed a two-headed ogre
  6021 | D:8      | Reached XP level 10. HP: 100/100 MP: 11/11
  6037 | D:8      | Reached skill level 8 in Unarmed Combat
  6043 | D:8      | Killed a two-headed ogre
  6300 | D:8      | Noticed a two-headed ogre
  6309 | D:8      | Killed a two-headed ogre
  6507 | D:8      | Noticed a two-headed ogre
  6515 | D:8      | Killed a two-headed ogre
  6515 | D:8      | Reached ***** piety under Cheibriados
  6515 | D:8      | Reached skill level 5 in Invocations
  6848 | D:9      | Found a staircase to the Orcish Mines.
  7030 | D:9      | Found a runed door.
  7045 | D:9      | Noticed rcreutzb's ghost (novice GrEE)
  7072 | D:9      | Reached skill level 9 in Unarmed Combat
  7211 | D:9      | Noticed a two-headed ogre
  7218 | D:9      | Killed a two-headed ogre
  7222 | D:9      | Reached XP level 11. HP: 90/109 MP: 14/14
  7457 | D:9      | Identified the Catalogue of Moulding and Confrontation
  7493 | D:9      | Reached ****** piety under Cheibriados
  7774 | D:10     | Entered Level 10 of the Dungeon
  8565 | D:11     | Noticed Erica
  8574 | D:11     | Killed Erica
  8601 | D:11     | Got a scorched mace
  8602 | D:11     | Identified the +3 mace "Goblin's Funeral" {crush, *Slow Int+4} (You found it on level 11 of the Dungeon)
  8676 | D:11     | Reached skill level 10 in Unarmed Combat
  8711 | D:11     | Noticed Snorg
  8722 | D:11     | Killed Snorg
  8758 | D:11     | Noticed a skeletal warrior
  8760 | D:11     | Noticed a skeletal warrior
  8761 | D:11     | Noticed a skeletal warrior
  8943 | D:11     | Gained mutation: You have a pair of small antennae on your head. [potion of mutation]
  8943 | D:11     | Gained mutation: Your flesh is cold resistant. (rC+) [potion of mutation]
  8943 | D:11     | Gained mutation: Your spells are a little harder to cast, but a little more powerful. [potion of mutation]
  9139 | D:11     | Noticed Josephine
  9285 | D:12     | Reached XP level 12. HP: 86/122 MP: 16/16
  9378 | D:12     | Found Beuxuwit's Magic Scroll Emporium.
  9384 | D:12     | Bought a scroll of blinking for 75 gold pieces
  9384 | D:12     | Bought a scroll of teleportation for 30 gold pieces
  9384 | D:12     | Bought a scroll of teleportation for 30 gold pieces
  9384 | D:12     | Bought a scroll of magic mapping for 35 gold pieces
  9448 | D:12     | Noticed a centaur warrior
  9457 | D:12     | Killed a centaur warrior
  9838 | D:12     | Reached skill level 11 in Unarmed Combat
 10440 | D:11     | Killed Josephine
 10461 | D:11     | Found Leoseaf's Distillery.
 10469 | D:11     | Bought a potion of heal wounds for 65 gold pieces
 10469 | D:11     | Bought a potion of curing for 39 gold pieces
 10469 | D:11     | Bought a potion of curing for 39 gold pieces
 10469 | D:11     | Bought a potion of curing for 39 gold pieces
 10567 | D:11     | Found a staircase to the Lair.
 10580 | Lair:1   | Entered Level 1 of the Lair of Beasts
 10580 | Lair:1   | Noticed Sonja
 10581 | Lair:1   | Killed Sonja
 10689 | Lair:1   | Reached skill level 10 in Dodging
 10904 | Lair:1   | Reached XP level 13. HP: 133/133 MP: 18/18
 11178 | Lair:1   | Reached skill level 10 in Fighting
 11335 | Lair:1   | Found a runed door.
 11335 | Lair:1   | Found a shimmering altar of Xom.
 11335 | Lair:1   | Noticed Ytuqigemn's ghost (journeyman GrEE)
 11379 | Lair:1   | Killed Ytuqigemn's ghost
 11410 | Lair:1   | Noticed Harold
 11422 | Lair:1   | Killed Harold
 11548 | Lair:1   | Reached skill level 12 in Unarmed Combat
 11626 | Lair:2   | Found a staircase to the Snake Pit.
 11765 | Lair:2   | Identified the +4 battleaxe of Joyful Slaughter {elec, *Corrode +Rage Dex+9} (You found it on level 2 of the Lair of Beasts)
 11918 | Lair:2   | Identified the +11 arbalest of Qazlal's Hope {penet, *Contam +Inv rN+ Stlth+} (You found it on level 2 of the Lair of Beasts)
 12448 | Lair:2   | Found a staircase to the Shoals.
 13300 | Lair:3   | Reached skill level 10 in Invocations
 13976 | Lair:3   | Gained mutation: Your magical capacity is low. (-10% MP) [potion of mutation]
 13976 | Lair:3   | Gained mutation: You tend to lose your temper in combat. [potion of mutation]
 13976 | Lair:3   | Gained mutation: Scrolls take you a little longer to read. [potion of mutation]
 13976 | Lair:3   | Gained mutation: You are resistant to hostile enchantments. (MR+) [potion of mutation]
 13977 | Lair:3   | Lost mutation: Your spells are a little harder to cast, but a little more powerful. [potion of mutation]
 13977 | Lair:3   | Lost mutation: You have a pair of small antennae on your head. [potion of mutation]
 13977 | Lair:3   | Lost mutation: You tend to lose your temper in combat. [potion of mutation]
 13977 | Lair:3   | Gained mutation: You are partially covered in molten scales. (AC +2) [potion of mutation]
 13977 | Lair:3   | Gained mutation: You are agile. (Dex +2) [potion of mutation]
 13978 | Lair:3   | Lost mutation: Your magical capacity is low. (-10% MP) [potion of mutation]
 13978 | Lair:3   | Lost mutation: You are resistant to hostile enchantments. (MR+) [potion of mutation]
 13978 | Lair:3   | Gained mutation: You are frail. (-10% HP) [potion of mutation]
 13978 | Lair:3   | Lost mutation: You are agile. (Dex +2) [potion of mutation]
 13978 | Lair:3   | Gained mutation: You are mostly covered in molten scales. (AC +3) [potion of mutation]
 13979 | Lair:3   | Lost mutation: Scrolls take you a little longer to read. [potion of mutation]
 13979 | Lair:3   | Lost mutation: You are frail. (-10% HP) [potion of mutation]
 13979 | Lair:3   | Gained mutation: Your magical capacity is low. (-10% MP) [potion of mutation]
 13979 | Lair:3   | Gained mutation: You occasionally shout uncontrollably at your foes. [potion of mutation]
 13979 | Lair:3   | Gained mutation: Your mind is acute. (Int +2) [potion of mutation]
 14028 | Lair:4   | Reached XP level 14. HP: 139/144 MP: 18/18
 14206 | Lair:4   | Noticed Nergalle
 14215 | Lair:4   | Killed Nergalle
 14499 | Lair:4   | You fall through a shaft for 2 floors!
 14499 | Lair:6   | Entered Level 6 of the Lair of Beasts
 14826 | Lair:6   | Reached skill level 13 in Unarmed Combat
 16219 | Lair:4   | Identified the +7 whip "Osoefiatz" {antimagic, *Corrode rF+ Str+4} (You found it on level 4 of the Lair of Beasts)
 16466 | Lair:6   | Found a staircase to the Slime Pits.
 17476 | D:13     | Reached XP level 15. HP: 156/156 MP: 20/20
 17749 | D:14     | Found a gate to the Vaults.
 17992 | D:14     | Reached skill level 1 in Shields
 18073 | D:14     | Got a bound wooden ring
 18077 | D:14     | Identified the ring of Natz {rC+ MR+ Stlth+} (You found it on level 14 of the Dungeon)
 18324 | D:14     | Found a basalt altar of Yredelemnul.
 18686 | Orc:1    | Entered Level 1 of the Orcish Mines
 18866 | Orc:1    | Found Recricuxt's Antique Weapon Shop.
 18960 | Orc:1    | Found a roughly hewn altar of Beogh.
 19015 | Orc:2    | Entered Level 2 of the Orcish Mines
 19015 | Orc:2    | Found a staircase to the Elven Halls.
 19052 | Orc:2    | Found Ineerujo's Weapon Shop.
 19174 | Orc:2    | Reached skill level 14 in Unarmed Combat
 19417 | Orc:2    | Found Puosut's Distillery.
 19420 | Orc:2    | Found Helory's Magic Scroll Emporium.
 19624 | Orc:2    | Bought a scroll of blinking for 105 gold pieces
 19981 | Orc:2    | Found Xyru Kikh's Gadget Shop.
 19981 | Orc:2    | Found a one-way gate leading to the halls of Pandemonium.
 19981 | Orc:2    | Found Liveof's Antique Armour Boutique.
 20407 | D:15     | Entered Level 15 of the Dungeon
 20873 | D:15     | Reached XP level 16. HP: 167/167 MP: 21/21
 21215 | D:15     | Found a staircase to the Depths.
 21547 | Shoals:1 | Entered Level 1 of the Shoals
 21940 | Shoals:1 | Reached skill level 5 in Shields
 22299 | Shoals:2 | Noticed a kraken
 22327 | Shoals:2 | HP: 7/167 [manticore/volley of spikes (8)]
 22327 | Shoals:2 | Killed from afar by a manticore

Vault maps used:
D:1:      lemuel_arrival_lava_pool
D:2:      first_ration, grunt_qazlal_sundering, uniq_terence,
          uniq_crazy_yiuf_cottage
D:3:      cheibriados_altar_1, uniq_sigmund, uniq_grinder
D:4:      uniq_blork_the_orc
D:5:      kennysheep_mini_moat, basic_altar, trog_hazing_becter
D:6:      minmay_temple_entry_poolview, xom_teletrap_fun
D:7:      hangedman_decor_points, the_bakery, nrook_pool_corridor,
          minmay_parallelograms, st_stairs_11, supply_closet_lemuel
D:8:      minmay_ruffians
D:9:      hiddenorc2_lemuel, gammafunk_ghost_grave
D:11:     david_lair_shrubbed, serial_shops, shop, uniq_snorg, uniq_erica,
          uniq_josephine
D:12:     serial_shops, nicolae_shop_trees
D:14:     lightli_vaults_fourway_checkpoint, yredelemnul_altar_generic
D:15:     grunt_enter_depths_snipers, minivault_4
Lair:1:   kb_forest_paths, ebering_ghost_xom, infiniplex_staircase_pool_2,
          uniq_harold, uniq_sonja
Lair:2:   minmay_shoals_entry_lonely_mermaid, dummy_snake_entry
Lair:3:   minivault_19, forest_entry_grove
Lair:4:   grunt_megastairs_4, lemuel_fruit_tree, uniq_nergalle
Lair:5:   minivault_26, pond
Lair:6:   hangedman_lair_in_review, guppyfry_lair_end_dragon,
          minmay_slime_entry_pillars, minmay_lair_drake_nest,
          serial_bayou_shore_b
Shoals:1: cheibrodos_shoals_three_sisters
Shoals:2: ebering_ghost_rock_garden
Orc:1:    serial_shops, shop_fountains, minmay_orc_temple_a
Orc:2:    pf_orc_diabolical, serial_shops, nicolae_shop_stone

Skill      XL: |  1  2  3  4  5  6  7  8  9 10 11 12 13 14 15 16 |
---------------+-------------------------------------------------+-----
Unarmed Combat | 1 2 3 4 5 6 7 9 10 11 12 13 14 | 14.9
Dodging        | 2 3 4 5 6 7 9 10 11 12 | 12.0
Fighting       | 1 2 3 4 5 6 7 8 9 10 11 12 | 12.8
Invocations    | 1 3 5 7 8 10 11 12 | 12.7
Shields        | 4 5 |  5.3
Stealth        | |  1.0
Spellcasting   | |  1.2
Transmutations | |  0.6
Earth Magic    | |  2.6

Action                   |  1- 3 |  4- 6 |  7- 9 | 10-12 | 13-15 | 16-18 || total
-------------------------+-------+-------+-------+-------+-------+-------++-------
Melee: Unarmed           |   120 |    81 |   436 |   711 |  1242 |   158 ||  2748
       Punch             |       |     1 |    13 |    43 |    84 |       ||   141
 Cast: Sandblast         |       |     3 |       |       |     2 |       ||     5
Invok: Slouch            |       |       |       |     2 |    14 |     3 ||    19
Evoke: Wand              |       |       |       |       |     3 |       ||     3
  Use: Potion            |     2 |       |     7 |     7 |    10 |     5 ||    31
       Scroll            |       |       |       |    22 |    21 |     2 ||    45
 Stab: Sleeping          |     1 |       |     5 |     4 |    11 |       ||    21
       Distracted        |       |       |       |     1 |     1 |       ||     2
  Eat: Chunk             |    16 |     7 |    31 |    37 |    74 |     9 ||   174
Armor: Robe              |    37 |     9 |   127 |    77 |       |       ||   250
       Skin              |    13 |     4 |       |       |       |       ||    17
       Troll leather arm |       |       |       |   189 |   515 |    73 ||   777
Dodge: Dodged            |    48 |    41 |   343 |   694 |  1193 |   170 ||  2489
Block: Shield            |       |       |       |       |   349 |   154 ||   503

Table legend:
 A = Spawn XP
 B = Non-spawn XP
 C = Spawn XP percentage of total XP
 D = Spawn monster count
 E = Non-spawn monster count
 F = Spawn count percentage of total count
 G = Total turns spent on level
                    A         B        C        D         E        F      G
               +---------+---------+-------+---------+---------+-------+---------
         Total |       0 |  176997 |   0.0 |       0 |     881 |   0.0 | 22327
               +---------+---------+-------+---------+---------+-------+---------
           D:1 |       0 |      43 |   0.0 |       0 |      25 |   0.0 |   815
           D:2 |       0 |     165 |   0.0 |       0 |      19 |   0.0 |   924
           D:3 |       0 |     554 |   0.0 |       0 |      18 |   0.0 |   771
           D:4 |       0 |     605 |   0.0 |       0 |      20 |   0.0 |   965
           D:5 |       0 |     784 |   0.0 |       0 |      27 |   0.0 |   709
           D:6 |       0 |     837 |   0.0 |       0 |      21 |   0.0 |   937
           D:7 |       0 |    1941 |   0.0 |       0 |      40 |   0.0 |   799
           D:8 |       0 |    4081 |   0.0 |       0 |      18 |   0.0 |   824
           D:9 |       0 |    3086 |   0.0 |       0 |      71 |   0.0 |  1094
          D:10 |       0 |    3139 |   0.0 |       0 |      36 |   0.0 |   761
          D:11 |       0 |    8019 |   0.0 |       0 |      44 |   0.0 |  1194
          D:12 |       0 |   12390 |   0.0 |       0 |      73 |   0.0 |  1121
          D:13 |       0 |    4787 |   0.0 |       0 |      35 |   0.0 |   663
          D:14 |       0 |   14238 |   0.0 |       0 |      34 |   0.0 |   913
          D:15 |       0 |   14736 |   0.0 |       0 |      39 |   0.0 |   977
        Lair:1 |       0 |   13212 |   0.0 |       0 |      47 |   0.0 |  1068
        Lair:2 |       0 |    3581 |   0.0 |       0 |      16 |   0.0 |  1273
        Lair:3 |       0 |   11404 |   0.0 |       0 |      37 |   0.0 |  1223
        Lair:4 |       0 |    7540 |   0.0 |       0 |      24 |   0.0 |  1022
        Lair:5 |       0 |    5988 |   0.0 |       0 |      22 |   0.0 |   688
        Lair:6 |       0 |   22061 |   0.0 |       0 |      71 |   0.0 |  1214
      Shoals:1 |       0 |   17104 |   0.0 |       0 |      30 |   0.0 |   733
      Shoals:2 |       0 |    3319 |   0.0 |       0 |       8 |   0.0 |    47
         Orc:1 |       0 |    1474 |   0.0 |       0 |      25 |   0.0 |   371
         Orc:2 |       0 |   21909 |   0.0 |       0 |      81 |   0.0 |  1221
               +---------+---------+-------+---------+---------+-------+---------
